Map: Ascension to Aiur LE

Players

SkrOs

  • Race: Protoss Protoss
  • League: Master
  • Spawn Location: 5:00

Florencio - Winner!

  • Race: Protoss Protoss
  • League: Diamond
  • Spawn Location: 11:00

VOD

Have the link to the VOD?

Description

Time

  • Played on: Jan. 13, 2018, 6:58 p.m.
  • Length: 4:09
Show
View Real Time Build Order
Export as new Build Order

SkrOs Protoss 

Build Orders:  

Get SALT Encoding   

  12  0:01  Probe  
  13  0:13  Probe  
  14  0:19  Pylon  
  14  0:25  Probe  
  15  0:37  Probe  
  15  0:40  Gateway  
  16  0:49  Probe  
  17  0:51  Assimilator  
  17  0:55  Assimilator  
  17  1:01  Probe  
  18  1:13  Probe (Chrono Boost)  
  19  1:25  Probe (Chrono Boost)  
  20  1:27  Cybernetics Core  
  20  1:30  Probe (Chrono Boost)  
  21  1:38  Gateway  
  21  1:40  Probe  
  22  1:52  Pylon, Probe  
  23  1:58  Warp Gate (Chrono Boost)  
  23  2:10  Probe  
  24  2:16  Stalker  
  24  2:18  Pylon  
  24  2:22  Probe  
  27  2:25  Stalker  
  29  2:32  Pylon  
  29  2:45  Robotics Facility  
  29  2:53  Stalker  
  29  2:58  Stalker  
  33  3:04  Pylon  
  30  3:38  Nexus  
Show
View Real Time Build Order
Export as new Build Order

Florencio Protoss - Winner!

Build Orders: 1 Gate Expand 

Get SALT Encoding   

  12  0:00  Probe  
  13  0:12  Probe  
  14  0:19  Pylon  
  14  0:25  Probe (Chrono Boost)  
  15  0:36  Probe (Chrono Boost)  
  16  0:45  Gateway  
  16  0:52  Gateway  
  16  1:03  Pylon  
  16  1:10  Probe  
  17  1:25  Nexus  
  17  1:33  Zealot (Chrono Boost)  
  19  1:42  Cybernetics Core  
  21  1:56  Pylon  
  21  1:57  Zealot (Chrono Boost)  
  21  2:02  Zealot (Chrono Boost)  
  23  2:20  Zealot (Chrono Boost)  
  23  2:21  Shield Battery  
  25  2:23  Shield Battery  
  25  2:31  Shield Battery  
  25  2:37  Pylon  
  25  2:57  Shield Battery  
  25  3:00  Shield Battery  
  25  3:10  Shield Battery  
  25  3:11  Pylon  
  25  3:15  Assimilator  
  25  3:19  Assimilator  
  25  3:28  Shield Battery  
  25  3:29  Pylon  
  25  3:37  Shield Battery  
Tags
 
Add a new tag
Caveats
  • Supply blocks, unpowered buildings, or Contaminate may cause inaccurate times.
  • Supply counts are checked every 10 seconds.